 Dungeon Crawl Stone Soup version 0.24.0 (console) character file.

Game seed: 13113913061518619585, levelgen mode: deterministic

578 AlterAsc the Firebug (level 7, -6/53 HPs)
             Began as a Red Draconian Fire Elementalist on Oct 25, 2019.
             Killed by divine providence
             ... invoked by an orc priest
              (11 damage)
             ... on level 4 of the Dungeon.
             The game lasted 00:38:12 (3592 turns).

AlterAsc the Firebug (DrFE)                         Turns: 3592, Time: 00:38:12

Health: -6/53      AC:  7    Str: 10    XL:     7   Next: 13%
Magic:  3/12       EV: 13    Int: 17    God:
Gold:   207        SH:  0    Dex: 12    Spells: 7/13 levels left

rFire    + . .     SeeInvis +   n - +2 hand axe (vamp)
rCold    . . .     Gourm    .   (no shield)
rNeg     . . .     Faith    .   (armour unavailable)
rPois    .         Spirit   .   (helmet restricted)
rElec    .         Reflect  .   (no cloak)
rCorr    .         Harm     .   (no gloves)
MR       .....                  u - +0 pair of boots
Stlth    ++........             (no amulet)
HPRegen  0.17/turn              A - ring of flight
MPRegen  0.13/turn              B - ring of see invisible

@: no status effects
A: breathe fire, unfitting armour, fire resistance 1, cold-blooded, AC +6
a: Breathe Fire, Evoke Flight


You were on level 4 of the Dungeon.
You were not hungry.

You visited 1 branch of the dungeon, and saw 5 of its levels.

You collected 207 gold pieces.

Inventory:

Hand Weapons
 a - a +0 mace
 g - a +0 dagger
 n - a +2 vampiric hand axe (weapon)
 q - a +1 dagger of venom
 r - a +0 dire flail
 w - a +0 hand axe
 x - a +1 dagger of pain
 F - a +0 shortbow
Missiles
 d - 153 stones (quivered)
 h - 16 poisoned darts
 l - 48 sling bullets
 G - 8 arrows
Armour
 j - a +0 leather armour
 m - a +0 ring mail
 o - a +0 robe
 u - a +0 pair of boots (worn)
Jewellery
 A - a ring of flight (left hand)
 B - a ring of see invisible (right hand)
Scrolls
 e - 3 scrolls of fog {unknown}
 f - 3 scrolls of identify {unknown}
 i - 2 scrolls of teleportation {unknown}
 t - a scroll of remove curse {unknown}
 v - a scroll of noise {unknown}
 y - a scroll of immolation {unknown}
 E - a scroll of enchant weapon {unknown}
Potions
 c - a potion of flight {unknown}
 k - a potion of agility
 p - 3 potions of haste {unknown}
 s - a potion of curing {unknown}
 z - 2 potions of brilliance {unknown}
 C - a potion of degeneration {unknown}
 D - a potion of lignification {unknown}
Comestibles
 b - 9 rations


   Skills:
 + Level 1.8 Fighting
 + Level 2.5(2.7) Axes
 + Level 1.0(1.9) Maces & Flails
 + Level 2.7 Dodging
 + Level 2.6 Stealth
 + Level 3.5 Spellcasting
 + Level 3.0 Conjurations
 + Level 5.7 Fire Magic


You had 7 spell levels left.
You knew the following spells:

 Your Spells              Type           Power        Failure   Level  Hunger
a - Flame Tongue          Conj/Fire      ###..        2%          1    None
b - Throw Flame           Conj/Fire      ###...       4%          2    ##.....
c - Conjure Flame         Conj/Fire      ###.....     9%          3    ###....

Your spell library contained the following spells:

 Spells                   Type           Power        Failure   Level  Hunger
 Inner Flame              Hex/Fire       ##......     16%         3    ###....
 Sticky Flame             Conj/Fire      ###.....     26%         4    ####...
 Fireball                 Conj/Fire      ###.......   58%         5    ######.


Dungeon Overview and Level Annotations

Branches:
Dungeon (5/15)
 Temple: D:4-7

Altars:
Gozag
Hepliaklqana
Nemelex Xobeh
Okawaru
Qazlal
Xom

Shops:
D:3 *

Annotations:
D:4 Edmund


Innate Abilities, Weirdness & Mutations

You can breathe blasts of fire.
Your fiery red scales are hard. (AC +6)
You cannot fit into any form of body armour.
Your flesh is heat resistant. (rF+)
You are cold-blooded and may be slowed by cold attacks.


Message History

The orc completely misses you.
Casting: Throw Flame (safe; 4% risk of failure)
Confirm with . or Enter, or press ? or * to list all spells.
Aiming: Throw Flame (safe; 4% risk of failure)
Press: ? - help, Shift-Dir - straight line, f/p - orc priest
Aim: an orc priest, wielding a +0 hand axe and wearing a +0 chain mail (heavily wounded)
The puff of flame hits the orc priest but does no damage.
The orc priest is heavily wounded.
The orc barely misses you. The orc priest misses you.
The orc priest barely misses you.
The orc priest calls down the wrath of Beogh upon you.
Beogh smites you!
The orc priest mumbles some strange prayers to Beogh against you.
Beogh smites you!
* * * LOW HITPOINT WARNING * * *
You see here a ring mail.
The orc priest mumbles some strange prayers to Beogh against you.
Beogh smites you!
You die...

...#..........##.......#........#
...#.#.)...............#........#
####.#<#..##..............#..#..#
## #.###...........#'####.#'####.
.# #.........)..#..#.#....#...###
.####.......#'###..#.#....###.._#
............#...#..#.#...####...#
.........##...#.##.#.#...##.#_...
.........##...#.@..#.....#.#####.
.........##...####o####..##.#.##.
#......#####(.#....o.....###.####
#.......##..(.#..........####
#.......+.....#.......o.....#####
#.......#..........#.........#...
#.......#.(.............##...#...
#.......#......#........##...#...
....#...................##.......


You could see an orc priest and 2 orcs.

Vanquished Creatures
  A phantom (D:4)
  A centaur (D:4)
  An ogre (D:4)
  A bullfrog (D:2)
  A scorpion (D:4)
  A howler monkey (D:4)
  An orc wizard (D:4)
  A worker ant (D:5)
  5 gnolls
  A shadow imp (D:4)
  2 worms (D:2)
  2 dart slugs
  2 leopard geckos
  5 orcs
  A ball python (D:2)
  5 bats
  5 giant cockroaches
  9 goblins
  5 hobgoblins
  3 jackals (D:1)
  7 kobolds
  A quokka (D:3)
  4 frilled lizards
  4 rats
69 creatures vanquished.

Notes
Turn   | Place    | Note
-------+----------+-------------------------------------------
     0 | D:1      | AlterAsc the Draconian Fire Elementalist began the quest
                  | for the Orb.
     0 | D:1      | Reached XP level 1. HP: 14/14 MP: 3/3
   145 | D:1      | Reached XP level 2. HP: 11/20 MP: 0/5
   251 | D:1      | Learned a level 2 spell: Throw Flame
   968 | D:2      | Noticed a bullfrog
   980 | D:2      | Killed a bullfrog
   980 | D:2      | Reached XP level 3. HP: 20/27 MP: 3/6
   980 | D:2      | Reached XP level 4. HP: 26/34 MP: 3/7
   982 | D:2      | Reached skill level 1 in Maces & Flails
   991 | D:2      | Learned a level 3 spell: Conjure Flame
  1268 | D:2      | Found a stormy altar of Qazlal.
  1381 | D:2      | Reached skill level 1 in Axes
  1616 | D:2      | Reached skill level 4 in Fire Magic
  1685 | D:2      | Reached skill level 1 in Fighting
  1685 | D:2      | Reached XP level 5. HP: 36/40 MP: 6/8
  2244 | D:3      | Found Gozag's Platinum Reserve.
  2246 | D:3      | Found an opulent altar of Gozag.
  2388 | D:3      | Found an iron altar of Okawaru.
  2448 | D:3      | Found a sparkling altar of Nemelex Xobeh.
  2672 | D:4      | Noticed an ogre
  2709 | D:5      | Entered Level 5 of the Dungeon
  2717 | D:5      | Reached XP level 6. HP: 39/47 MP: 1/10
  3097 | D:4      | Noticed Edmund
  3130 | D:4      | Found a hazy altar of Hepliaklqana.
  3131 | D:4      | Found a shimmering altar of Xom.
  3131 | D:4      | Noticed a wyvern
  3132 | D:4      | Noticed a wyvern
  3132 | D:4      | Noticed a spectral ugly thing
  3433 | D:4      | Your scales start taking on a fiery red colour.
  3433 | D:4      | Reached skill level 5 in Fire Magic
  3433 | D:4      | Reached XP level 7. HP: 18/53 MP: 3/12
  3433 | D:4      | Gained mutation: Your flesh is heat resistant. (rF+) [Red
                  | Draconian growth]
  3592 | D:4      | Killed from afar by an orc priest

Levels and vault maps discovered:
D:1:      dpeg_arrival_houses_and_road, layout_basic, serial_bayou_pond_b
D:2:      layout_loops_ring, nicolae_qazlal_eye_of_the_storm
D:3:      layout_rooms, nicolae_gozag_zags_fifth_avenue, nemelex_altar_shiori,
          okawaru_altar_gauntlet_db, first_ration
D:4:      layout_basic, regret_index_temple_of_mockery, serial_shops,
          nicolae_shop_window_shopping, uniq_edmund
D:5:      layout_loops_ring, evilmike_ruin_ashenzari, lemuel_doored_altar,
          serial_bayou_crossing, uniq_ijyb
